General information
- name: BNet
- type: Ladder team game (AT/RT)
- host: Battle.net
- saver: MussoIini
map: FullScaleAssault
- players: 8
- length: 55:06
- speed: Fast
- version: 1.26 W3XP
- replay type: Public
» download(310 KB)
Players
team 1 (loser)
gregsimoneau (
purple | 27 APM | 1497 actions | 55:06)
6 Demon Hunter
2 Immolation
3 Mana Burn
1 Metamorphosis
5 Priestess of the Moon
2 Trueshot Aura
3 Searing Arrows
» actions
| Basic commands | 15 | |
| Build / train | 77 | |
| Enter build submenu | 30 | |
| Enter hero's abilities submenu | 12 | |
| Give item / drop item | 5 | |
| Remove unit from queue | 2 | |
| Right click | 897 | |
| Select / deselect | 346 | |
| Use ability | 112 | |
1497 total
» units
» upgrades
| Strength of the Wild | 5 | |
| Reinforced Hides | 5 | |
| Abolish Magic | 2 | |
12 total
» buildings
| Moon Well | 9 | |
| Hunter's Hall | 1 | |
| Ancient of Wonders | 1 | |
| Ancient Protector | 8 | |
| Altar of Elders | 1 | |
| Tree of Ages | 1 | |
| Ancient of Lore | 5 | |
| Tree of Eternity | 1 | |
| Tree of Life | 3 | |
30 total
» build order
00:30 Moon Well
00:58 Hunter's Hall
01:12 Ancient of Wonders
01:36 Moon Well
02:05 Ancient Protector
02:20 Ancient Protector
02:45 Moon Well
03:01 Altar of Elders
03:31 Ancient Protector
03:57 Moon Well
04:15 Moon Well
04:46 Ancient Protector
05:16 Moon Well
05:43 Tree of Ages
06:51 Moon Well
06:58 Ancient Protector
08:05 Ancient of Lore
08:09 Ancient of Lore
12:16 Tree of Eternity
16:29 Ancient Protector
16:38 Ancient Protector
16:44 Ancient Protector
17:49 Tree of Life
21:32 Tree of Life
24:06 Moon Well
28:34 Moon Well
29:52 Ancient of Lore
29:58 Ancient of Lore
30:02 Ancient of Lore
36:33 Tree of Life
» items
| Lesser Clarity Potion | 1 | |
| Dust of Appearance | 1 | |
| Boots of Speed | 1 | |
| Scroll of Town Portal | 3 | |
| Potion of Healing | 4 | |
| Moonstone | 1 | |
| Orb of Venom | 1 | |
12 total
MussoIini (
blue | 87 APM | 4818 actions | 55:06)
10 Mountain King
3 Storm Bolt
3 Bash
1 Avatar
3 Thunder Clap
» actions
| Assign group hotkey | 77 | |
| Basic commands | 166 | |
| Build / train | 313 | |
| ESC pressed | 42 | |
| Enter build submenu | 164 | |
| Enter hero's abilities submenu | 11 | |
| Give item / drop item | 8 | |
| Remove unit from queue | 1 | |
| Right click | 1488 | |
| Select / deselect | 1027 | |
| Select group hotkey | 1020 | |
| Use ability | 500 | |
4818 total
» units
| Peasant | 37 | |
| Footman | 10 | |
| Goblin Zeppelin | 10 | |
| Goblin Shredder | 3 | |
| Dragonhawk Rider | 6 | |
| Wisp | 5 | |
| Knight | 9 | |
| Siege Engine | 3 | |
83 total
» upgrades
| Masonry | 3 | |
| Defend | 1 | |
| Lumber Harvesting | 2 | |
| Swords | 3 | |
| Animal War Training | 1 | |
| Armor | 3 | |
| Storm Hammers | 1 | |
| Cloud | 1 | |
| Magic Sentry | 1 | |
| Sorceress Training | 2 | |
| Priest Training | 2 | |
| Control Magic | 1 | |
| Plating | 3 | |
| Gunpowder | 3 | |
| Ultravision | 1 | |
| Strength of the Wild | 1 | |
| Long Rifles | 1 | |
| Backpack | 1 | |
| Flak Cannons | 1 | |
| Flying Machine Bombs | 1 | |
| Barrage | 1 | |
| Fragmentation Shards | 1 | |
| Flare | 1 | |
36 total
» buildings
| Altar of Kings | 2 | |
| Barracks | 4 | |
| Farm | 20 | |
| Arcane Vault | 1 | |
| Lumber Mill | 1 | |
| Scout Tower | 99 | |
| Arcane Tower | 9 | |
| Town Hall | 9 | |
| Guard Tower | 123 | |
| Keep | 3 | |
| Blacksmith | 1 | |
| Castle | 3 | |
| Gryphon Aviary | 5 | |
| Arcane Sanctum | 1 | |
| Ancient of Wonders | 1 | |
| Ancient Protector | 5 | |
| Workshop | 7 | |
| Tree of Ages | 5 | |
| Tree of Eternity | 3 | |
302 total
» build order
00:09 Altar of Kings
00:12 Altar of Kings
00:14 Barracks
00:19 Farm
00:58 Farm
01:38 Arcane Vault
02:39 Farm
03:18 Lumber Mill
03:20 Scout Tower
03:48 Arcane Tower
03:49 Arcane Tower
04:03 Farm
04:30 Town Hall
05:43 Scout Tower
05:50 Scout Tower
06:32 Farm
06:35 Guard Tower
06:35 Guard Tower
06:36 Arcane Tower
06:36 Arcane Tower
06:57 Scout Tower
06:59 Scout Tower
07:27 Guard Tower
07:27 Guard Tower
07:27 Guard Tower
07:58 Keep
07:58 Keep
09:34 Town Hall
09:57 Scout Tower
09:59 Scout Tower
10:01 Scout Tower
10:03 Scout Tower
10:05 Scout Tower
10:08 Scout Tower
10:10 Scout Tower
10:11 Scout Tower
10:15 Scout Tower
10:46 Blacksmith
10:53 Guard Tower
10:56 Guard Tower
10:56 Guard Tower
10:57 Guard Tower
10:58 Guard Tower
10:58 Guard Tower
10:58 Guard Tower
11:07 Scout Tower
11:09 Scout Tower
11:10 Scout Tower
11:11 Scout Tower
11:13 Scout Tower
11:19 Scout Tower
12:02 Guard Tower
12:08 Scout Tower
12:09 Scout Tower
12:10 Scout Tower
12:12 Scout Tower
12:12 Scout Tower
12:14 Scout Tower
12:36 Castle
12:36 Castle
12:36 Castle
12:47 Guard Tower
12:48 Guard Tower
12:48 Guard Tower
12:48 Guard Tower
12:49 Guard Tower
12:49 Guard Tower
13:32 Guard Tower
13:33 Guard Tower
13:40 Scout Tower
13:41 Scout Tower
13:42 Scout Tower
13:43 Scout Tower
13:49 Scout Tower
13:52 Scout Tower
13:55 Scout Tower
14:14 Guard Tower
14:14 Guard Tower
14:14 Guard Tower
14:17 Guard Tower
14:17 Guard Tower
14:39 Gryphon Aviary
14:43 Gryphon Aviary
14:51 Gryphon Aviary
14:54 Guard Tower
14:55 Guard Tower
16:02 Gryphon Aviary
16:32 Farm
16:33 Farm
16:35 Farm
16:37 Farm
16:39 Farm
16:40 Farm
16:41 Farm
16:52 Farm
16:54 Farm
16:56 Farm
16:58 Farm
17:00 Farm
17:01 Farm
17:05 Arcane Sanctum
18:17 Scout Tower
18:19 Scout Tower
18:20 Scout Tower
18:21 Scout Tower
18:23 Scout Tower
18:27 Scout Tower
18:28 Scout Tower
18:54 Gryphon Aviary
18:59 Farm
19:02 Guard Tower
19:02 Guard Tower
19:02 Guard Tower
19:13 Guard Tower
19:46 Scout Tower
19:47 Scout Tower
19:48 Scout Tower
19:49 Scout Tower
19:50 Scout Tower
19:51 Scout Tower
20:01 Scout Tower
20:02 Scout Tower
20:03 Scout Tower
20:04 Scout Tower
20:07 Scout Tower
20:11 Scout Tower
20:30 Guard Tower
20:30 Guard Tower
20:48 Guard Tower
20:48 Guard Tower
20:50 Guard Tower
20:50 Guard Tower
21:18 Ancient of Wonders
21:21 Ancient Protector
21:22 Ancient Protector
21:23 Ancient Protector
21:30 Ancient Protector
22:14 Ancient Protector
23:53 Workshop
23:54 Workshop
23:56 Workshop
24:27 Workshop
24:31 Workshop
24:37 Workshop
27:13 Workshop
27:30 Tree of Ages
27:30 Tree of Ages
27:30 Tree of Ages
29:08 Barracks
29:09 Barracks
29:10 Barracks
29:17 Town Hall
29:19 Scout Tower
29:20 Scout Tower
29:21 Scout Tower
29:22 Scout Tower
29:24 Scout Tower
29:26 Scout Tower
29:28 Scout Tower
29:29 Scout Tower
29:37 Town Hall
29:42 Scout Tower
29:42 Scout Tower
29:48 Scout Tower
29:49 Scout Tower
29:50 Scout Tower
29:53 Scout Tower
29:55 Guard Tower
29:56 Guard Tower
30:11 Guard Tower
30:11 Guard Tower
30:26 Guard Tower
31:40 Town Hall
31:42 Scout Tower
31:48 Scout Tower
31:51 Scout Tower
31:53 Scout Tower
31:56 Scout Tower
32:04 Scout Tower
32:10 Guard Tower
32:10 Guard Tower
32:10 Guard Tower
32:16 Guard Tower
32:16 Guard Tower
32:16 Guard Tower
32:18 Guard Tower
32:18 Guard Tower
32:18 Guard Tower
32:19 Tree of Eternity
32:19 Tree of Eternity
32:25 Guard Tower
32:26 Scout Tower
32:32 Guard Tower
32:32 Guard Tower
32:37 Guard Tower
32:38 Guard Tower
32:53 Farm
33:04 Guard Tower
33:04 Guard Tower
33:04 Guard Tower
33:23 Town Hall
34:43 Scout Tower
34:44 Scout Tower
34:46 Scout Tower
34:46 Scout Tower
37:13 Town Hall
37:16 Scout Tower
37:19 Scout Tower
37:21 Scout Tower
37:23 Scout Tower
37:24 Scout Tower
37:26 Scout Tower
37:58 Guard Tower
37:58 Guard Tower
37:59 Guard Tower
38:03 Scout Tower
38:11 Guard Tower
38:11 Guard Tower
38:12 Guard Tower
38:13 Guard Tower
38:13 Guard Tower
38:15 Scout Tower
38:17 Scout Tower
38:35 Arcane Tower
38:35 Arcane Tower
38:38 Scout Tower
38:39 Scout Tower
38:42 Scout Tower
38:47 Guard Tower
38:47 Guard Tower
39:10 Guard Tower
39:10 Guard Tower
40:14 Scout Tower
40:17 Scout Tower
40:42 Guard Tower
40:43 Guard Tower
40:43 Guard Tower
40:44 Guard Tower
41:23 Scout Tower
41:39 Scout Tower
41:41 Scout Tower
42:12 Guard Tower
42:12 Guard Tower
44:20 Town Hall
49:13 Town Hall
49:16 Scout Tower
49:17 Scout Tower
49:18 Scout Tower
52:36 Scout Tower
52:38 Scout Tower
» items
| Scroll of Regeneration | 7 | |
| Boots of Speed | 1 | |
| Staff of Teleportation | 1 | |
| Periapt of Vitality | 1 | |
| Scroll of Town Portal | 5 | |
| Orb of Fire | 1 | |
| Lesser Clarity Potion | 1 | |
| Potion of Healing | 1 | |
| Potion of Mana | 1 | |
| Scroll of Healing | 1 | |
20 total

»
maves (
pink | 68 APM | 1570 actions | 23:06)
6 Mountain King
3 Storm Bolt
2 Thunder Clap
1 Avatar
4 Paladin
2 Holy Light
2 Divine Shield
» actions
| Assign group hotkey | 76 | |
| Basic commands | 51 | |
| Build / train | 79 | |
| ESC pressed | 1 | |
| Enter build submenu | 35 | |
| Enter hero's abilities submenu | 12 | |
| Give item / drop item | 1 | |
| Right click | 470 | |
| Select / deselect | 355 | |
| Select group hotkey | 415 | |
| Use ability | 75 | |
1570 total
» units
| Peasant | 18 | |
| Footman | 2 | |
| Rifleman | 15 | |
| Spell Breaker | 6 | |
| Priest | 2 | |
| Sorceress | 1 | |
44 total
» upgrades
| Gunpowder | 2 | |
| Armor | 2 | |
| Priest Training | 2 | |
| Long Rifles | 1 | |
7 total
» buildings
| Barracks | 1 | |
| Farm | 11 | |
| Altar of Kings | 1 | |
| Scout Tower | 12 | |
| Blacksmith | 1 | |
| Arcane Tower | 1 | |
| Arcane Vault | 1 | |
| Town Hall | 2 | |
| Keep | 2 | |
| Lumber Mill | 1 | |
| Guard Tower | 5 | |
| Arcane Sanctum | 2 | |
| Castle | 1 | |
41 total
» build order
00:24 Barracks
00:26 Farm
00:56 Altar of Kings
01:18 Farm
01:23 Scout Tower
01:58 Farm
02:15 Farm
02:26 Blacksmith
02:42 Arcane Tower
02:51 Farm
03:06 Arcane Vault
04:30 Town Hall
04:44 Keep
04:44 Keep
05:43 Lumber Mill
06:00 Scout Tower
07:11 Guard Tower
07:22 Arcane Sanctum
07:26 Farm
08:37 Farm
08:42 Arcane Sanctum
09:42 Scout Tower
10:16 Farm
10:18 Farm
12:14 Guard Tower
12:34 Scout Tower
12:43 Castle
13:14 Guard Tower
14:36 Farm
14:44 Farm
15:07 Scout Tower
15:10 Scout Tower
15:14 Scout Tower
16:49 Guard Tower
19:23 Scout Tower
20:07 Town Hall
20:21 Guard Tower
20:41 Scout Tower
21:30 Scout Tower
21:32 Scout Tower
21:35 Scout Tower
» items
| Scroll of Regeneration | 1 | |
| Periapt of Vitality | 1 | |
| Scroll of Town Portal | 1 | |
| Potion of Mana | 1 | |
4 total
GMGENESEO88 (
green | 29 APM | 511 actions | 17:46)
3 Priestess of the Moon
2 Trueshot Aura
1 Searing Arrows
» actions
| Build / train | 47 | |
| ESC pressed | 1 | |
| Enter build submenu | 12 | |
| Enter hero's abilities submenu | 4 | |
| Right click | 252 | |
| Select / deselect | 168 | |
| Use ability | 27 | |
511 total
» units
» upgrades
| Strength of the Moon | 1 | |
| Moon Armor | 1 | |
2 total
» buildings
| Altar of Elders | 1 | |
| Moon Well | 6 | |
| Hunter's Hall | 1 | |
| Ancient of War | 2 | |
| Tree of Life | 2 | |
12 total
» build order
00:14 Altar of Elders
00:37 Moon Well
01:52 Hunter's Hall
01:57 Ancient of War
02:04 Moon Well
02:58 Moon Well
03:31 Ancient of War
05:46 Moon Well
09:26 Tree of Life
10:36 Moon Well
11:48 Moon Well
16:20 Tree of Life
team 2 (winner)
raah (
yellow | 30 APM | 1672 actions | 55:06)
6 Archmage
3 Summon Water Elemental
2 Blizzard
1 Mass Teleport
» actions
| Assign group hotkey | 13 | |
| Basic commands | 46 | |
| Build / train | 85 | |
| Enter build submenu | 18 | |
| Enter hero's abilities submenu | 6 | |
| Give item / drop item | 1 | |
| Right click | 880 | |
| Select / deselect | 385 | |
| Select group hotkey | 179 | |
| Use ability | 59 | |
1672 total
» units
| Peasant | 16 | |
| Footman | 6 | |
| Goblin Shredder | 1 | |
| Rifleman | 4 | |
| Giant Sea Turtle | 1 | |
| Makrura Snapper | 1 | |
| Mur'gul Snarecaster | 1 | |
| Makrura Deepseer | 1 | |
| Mortar Team | 17 | |
| Knight | 10 | |
| Siege Engine | 2 | |
60 total
» upgrades
| Gunpowder | 3 | |
| Long Rifles | 1 | |
| Fragmentation Shards | 1 | |
| Swords | 1 | |
| Armor | 1 | |
| Barrage | 1 | |
8 total
» buildings
| Altar of Kings | 1 | |
| Farm | 12 | |
| Barracks | 2 | |
| Town Hall | 3 | |
| Blacksmith | 1 | |
| Lumber Mill | 1 | |
| Arcane Vault | 1 | |
| Keep | 1 | |
| Castle | 1 | |
| Workshop | 4 | |
27 total
» build order
00:22 Altar of Kings
00:36 Farm
00:36 Farm
00:57 Barracks
01:45 Farm
01:47 Farm
03:45 Town Hall
05:21 Barracks
05:25 Blacksmith
05:31 Lumber Mill
05:48 Arcane Vault
05:49 Keep
06:36 Farm
06:37 Farm
06:37 Farm
06:38 Farm
06:39 Farm
06:41 Farm
06:42 Farm
06:42 Farm
08:13 Castle
08:34 Workshop
08:39 Workshop
08:48 Workshop
23:33 Town Hall
25:23 Town Hall
26:55 Workshop
» items
| Boots of Speed | 1 | |
| Staff of Teleportation | 1 | |
| Scroll of Regeneration | 2 | |
| Scroll of Town Portal | 4 | |
8 total
KillyBoi (
orange | 53 APM | 2917 actions | 55:06)
7 Blademaster
3 Wind Walk
3 Critical Strike
1 Bladestorm
» actions
| Assign group hotkey | 72 | |
| Basic commands | 99 | |
| Build / train | 96 | |
| Enter build submenu | 73 | |
| Enter hero's abilities submenu | 7 | |
| Give item / drop item | 14 | |
| Remove unit from queue | 1 | |
| Right click | 1044 | |
| Select / deselect | 448 | |
| Select group hotkey | 850 | |
| Use ability | 213 | |
2917 total
» units
| Peon | 18 | |
| Grunt | 4 | |
| Goblin Shredder | 5 | |
| Goblin Zeppelin | 4 | |
| Goblin Sapper | 2 | |
| Wind Rider | 6 | |
| Blue Dragon | 3 | |
42 total
» upgrades
| Ranged Weapons | 3 | |
| Armor | 3 | |
| Reinforced Defenses | 1 | |
| Envenomed Spears | 1 | |
8 total
» buildings
| Orc Burrow | 9 | |
| Altar of Storms | 1 | |
| Barracks | 1 | |
| Voodoo Lounge | 3 | |
| Stronghold | 2 | |
| Great Hall | 7 | |
| War Mill | 2 | |
| Fortress | 2 | |
| Watch Tower | 62 | |
| Beastiary | 7 | |
96 total
» build order
00:32 Orc Burrow
00:52 Altar of Storms
00:53 Barracks
01:11 Orc Burrow
02:17 Voodoo Lounge
02:53 Stronghold
04:58 Great Hall
05:36 War Mill
05:40 Orc Burrow
05:42 Orc Burrow
07:51 Fortress
09:52 Watch Tower
09:52 Watch Tower
09:52 Watch Tower
09:52 Watch Tower
09:53 Watch Tower
09:56 Watch Tower
09:57 Watch Tower
09:58 Watch Tower
09:58 Watch Tower
10:00 Watch Tower
10:01 Watch Tower
13:21 Beastiary
13:21 Beastiary
13:22 Beastiary
13:23 Beastiary
13:23 Beastiary
13:24 Beastiary
13:32 War Mill
13:42 Beastiary
15:33 Orc Burrow
15:34 Orc Burrow
15:37 Orc Burrow
17:46 Great Hall
17:48 Watch Tower
17:48 Watch Tower
17:48 Watch Tower
17:50 Watch Tower
17:50 Watch Tower
17:50 Watch Tower
17:52 Watch Tower
17:52 Watch Tower
17:53 Watch Tower
23:03 Watch Tower
23:04 Watch Tower
23:05 Watch Tower
23:05 Watch Tower
23:07 Watch Tower
24:26 Voodoo Lounge
29:17 Stronghold
30:00 Orc Burrow
30:03 Orc Burrow
32:00 Great Hall
32:09 Watch Tower
32:09 Watch Tower
32:09 Watch Tower
32:10 Watch Tower
32:11 Watch Tower
32:13 Watch Tower
32:13 Watch Tower
32:14 Watch Tower
32:14 Watch Tower
32:15 Watch Tower
32:18 Watch Tower
32:18 Watch Tower
32:19 Watch Tower
32:19 Watch Tower
32:19 Watch Tower
32:54 Voodoo Lounge
36:09 Great Hall
36:11 Great Hall
36:13 Watch Tower
36:14 Watch Tower
36:14 Watch Tower
36:15 Watch Tower
36:16 Watch Tower
36:17 Watch Tower
36:17 Watch Tower
36:18 Watch Tower
37:35 Watch Tower
37:54 Fortress
41:02 Great Hall
42:51 Watch Tower
42:52 Watch Tower
42:53 Watch Tower
42:53 Watch Tower
46:31 Great Hall
46:34 Watch Tower
46:34 Watch Tower
46:35 Watch Tower
46:37 Watch Tower
46:41 Watch Tower
46:43 Watch Tower
46:50 Watch Tower
46:50 Watch Tower
46:51 Watch Tower
» items
| Healing Salve | 6 | |
| Boots of Speed | 1 | |
| Lesser Clarity Potion | 3 | |
| Potion of Mana | 3 | |
| Orb of Lightning | 1 | |
| Periapt of Vitality | 3 | |
| Staff of Teleportation | 3 | |
| Scroll of Town Portal | 8 | |
| Potion of Healing | 2 | |
| Scroll of Regeneration | 1 | |
31 total
BMking (
teal | 56 APM | 3070 actions | 55:06)
10 Blademaster
3 Wind Walk
3 Critical Strike
1 Bladestorm
3 Mirror Image
1 Tauren Chieftain
1 War Stomp
» actions
| Assign group hotkey | 14 | |
| Basic commands | 5 | |
| Build / train | 95 | |
| Enter build submenu | 71 | |
| Enter hero's abilities submenu | 11 | |
| Give item / drop item | 20 | |
| Right click | 1310 | |
| Select / deselect | 864 | |
| Select group hotkey | 392 | |
| Use ability | 287 | |
3070 total
» units
| Peon | 20 | |
| Grunt | 2 | |
| Goblin Zeppelin | 3 | |
| Troll Batrider | 17 | |
| Goblin Shredder | 3 | |
45 total
» upgrades
| Troll Regeneration | 1 | |
| Ranged Weapons | 3 | |
| Armor | 3 | |
| Liquid Fire | 1 | |
| Reinforced Defenses | 1 | |
9 total
» buildings
| Altar of Storms | 1 | |
| Orc Burrow | 15 | |
| Barracks | 1 | |
| Voodoo Lounge | 2 | |
| Stronghold | 3 | |
| Great Hall | 8 | |
| War Mill | 2 | |
| Beastiary | 5 | |
| Fortress | 1 | |
| Watch Tower | 33 | |
71 total
» build order
00:08 Altar of Storms
00:16 Orc Burrow
00:41 Barracks
01:25 Orc Burrow
02:01 Voodoo Lounge
03:45 Stronghold
03:50 Great Hall
03:53 Great Hall
04:45 War Mill
08:24 Beastiary
08:26 Beastiary
08:27 Beastiary
08:29 Beastiary
08:32 Beastiary
09:05 Fortress
09:14 Watch Tower
09:16 Watch Tower
09:17 Watch Tower
09:23 War Mill
10:03 Orc Burrow
10:36 Orc Burrow
10:38 Orc Burrow
11:44 Watch Tower
13:35 Great Hall
14:07 Great Hall
14:46 Orc Burrow
15:30 Watch Tower
15:31 Watch Tower
15:32 Watch Tower
15:51 Watch Tower
20:56 Orc Burrow
21:57 Great Hall
22:00 Watch Tower
22:54 Orc Burrow
23:40 Watch Tower
24:46 Orc Burrow
24:48 Orc Burrow
25:06 Watch Tower
27:46 Watch Tower
28:44 Great Hall
28:47 Watch Tower
28:48 Watch Tower
28:49 Watch Tower
28:50 Watch Tower
28:56 Watch Tower
31:37 Watch Tower
33:27 Watch Tower
36:47 Watch Tower
36:48 Watch Tower
36:48 Watch Tower
36:50 Watch Tower
36:53 Watch Tower
36:54 Watch Tower
40:29 Great Hall
40:41 Watch Tower
40:43 Watch Tower
40:44 Watch Tower
40:45 Watch Tower
41:36 Watch Tower
41:45 Watch Tower
42:19 Watch Tower
42:19 Watch Tower
42:33 Voodoo Lounge
44:41 Stronghold
44:41 Stronghold
46:34 Orc Burrow
46:36 Orc Burrow
46:38 Orc Burrow
46:40 Orc Burrow
48:20 Orc Burrow
48:24 Great Hall
» items
| Circlet of Nobility | 3 | |
| Healing Salve | 5 | |
| Lesser Clarity Potion | 4 | |
| Potion of Healing | 2 | |
| Orb of Lightning | 1 | |
| Staff of Teleportation | 3 | |
| Potion of Mana | 3 | |
| Scroll of Town Portal | 1 | |
22 total
Dblbarrels (
red | 28 APM | 1338 actions | 47:20)
5 Far Seer
3 Feral Spirit
2 Chain Lighting
4 Shadow Hunter
2 Healing Wave
1 Hex
1 Serpent Ward
3 Tauren Chieftain
2 Endurance Aura
1 War Stomp
» actions
| Assign group hotkey | 15 | |
| Basic commands | 114 | |
| Build / train | 101 | |
| Enter build submenu | 19 | |
| Enter hero's abilities submenu | 14 | |
| Give item / drop item | 1 | |
| Remove unit from queue | 2 | |
| Right click | 311 | |
| Select / deselect | 315 | |
| Select group hotkey | 377 | |
| Use ability | 69 | |
1338 total
» units
| Peon | 20 | |
| Goblin Shredder | 2 | |
| Wind Rider | 10 | |
| Shaman | 9 | |
| Raider | 2 | |
43 total
» upgrades
| Ranged Weapons | 3 | |
| Envenomed Spears | 1 | |
| Shaman Training | 2 | |
| Armor | 3 | |
| Liquid Fire | 1 | |
| Melee Weapons | 3 | |
| Ensnare | 1 | |
| Witch Doctor Training | 1 | |
| Spirit Walker Training | 1 | |
16 total
» buildings
| Orc Burrow | 7 | |
| Altar of Storms | 1 | |
| Voodoo Lounge | 1 | |
| Stronghold | 1 | |
| War Mill | 1 | |
| Watch Tower | 1 | |
| Fortress | 1 | |
| Beastiary | 2 | |
| Great Hall | 2 | |
| Spirit Lodge | 1 | |
18 total
» build order
01:10 Orc Burrow
01:32 Altar of Storms
02:08 Orc Burrow
02:32 Voodoo Lounge
02:43 Stronghold
02:49 War Mill
03:12 Orc Burrow
04:18 Watch Tower
05:31 Orc Burrow
05:33 Fortress
05:47 Beastiary
06:58 Beastiary
08:11 Orc Burrow
09:40 Great Hall
10:38 Spirit Lodge
19:43 Orc Burrow
19:46 Orc Burrow
30:59 Great Hall
» items
| Orb of Lightning | 4 | |
| Potion of Healing | 5 | |
| Scroll of Speed | 3 | |
| Scroll of Town Portal | 2 | |
| Potion of Mana | 3 | |
| Orb of Fire | 1 | |
| Scroll of Regeneration | 2 | |
| Circlet of Nobility | 1 | |
| Periapt of Vitality | 1 | |
22 total
Chat log
(00:16 / All) gregsimoneau: OMG NOT THE BM KING!!!!!!!!!!!!!!!!!!!!
(00:23 / All) gregsimoneau: what r we gunna do???
(00:26 / All) KillyBoi: He is a fraud, a usurper
(00:34 / All) MussoIini: 3 orc inc lvl 1 bm harass
(01:51 / Allies) gregsimoneau: im ding up first
(01:56 / Allies) gregsimoneau: fuck taht bm shit
(02:02 / Allies) MussoIini: "ding up"?
(02:05 / Allies) MussoIini: you mean level up?
(02:08 / Allies) MussoIini: speak English motherfucker
(02:15 / Allies) gregsimoneau: ding as in defense faggot
(02:31 / Allies) MussoIini: that's not "ding" ding is a noise
(02:36 / All) KillyBoi: my eyes are so watery
(02:38 / Allies) gregsimoneau: d'ing
(02:42 / Allies) gregsimoneau: there happy
(02:53 / Allies) MussoIini: no, it took you 2 tries
(03:10 / Allies) gregsimoneau: shh alqueda
(04:18 / Allies) MussoIini: 100 wood please
(04:19 / Allies) MussoIini: for my expo
(04:29 / Allies) gregsimoneau: pb plz
(04:30 / Allies) MussoIini: ty
(04:32 / Allies) gregsimoneau: sometime
(04:37 / Allies) gregsimoneau: faggot
(04:39 / Allies) gregsimoneau: lol
(04:54 / Allies) GMGENESEO88: whats the plans fags
(05:01 / Allies) gregsimoneau: defending
(05:06 / All) KillyBoi: FUCK
(05:07 / All) KillyBoi: FUCK
(05:08 / All) KillyBoi: FUCK
(05:12 / Allies) GMGENESEO88: fuck that
(05:14 / All) MussoIini: ?
(05:15 / Allies) GMGENESEO88: rush
(05:17 / All) KillyBoi: FAGHGOTS ALWAYS TAKING >MY< SHREDDAR
(05:18 / Allies) gregsimoneau: dyrads
(05:20 / Allies) MussoIini: rush on fullscale
(05:21 / Allies) MussoIini: lol
(05:21 / Allies) GMGENESEO88: im maxing hh
(05:24 / All) KillyBoi: BITCHES
(06:02 / All) MussoIini: wtf
(06:03 / All) MussoIini: who does that
(06:08 / All) gregsimoneau: LOL
(06:19 / Allies) GMGENESEO88: lets attack
(06:30 / All) BMking: law;
(06:57 / Allies) maves: no purp
(08:46 / Allies) GMGENESEO88: i need expo
(09:35 / All) KillyBoi: great
(09:40 / All) KillyBoi: lucky purple
(09:47 / All) gregsimoneau: mnah had tp to
(10:12 / All) KillyBoi: purple has mana burn and inflame
(10:19 / All) KillyBoi: what a fucking nub
(10:21 / All) gregsimoneau: and mass fucking towerz
(10:24 / All) gregsimoneau: come get it
(10:32 / All) gregsimoneau: thats pro cc on my own
(10:36 / All) KillyBoi: fucking french faggot
(13:12 / All) KillyBoi: purple and pink buttbuddies
(13:13 / All) gregsimoneau: thats right bitch
(13:18 / All) gregsimoneau: LOL
(13:27 / All) gregsimoneau: hes my bitch
(13:39 / All) KillyBoi: why you protecting his assets|?
(13:51 / All) gregsimoneau: cuz he owes me money
(13:59 / Allies) GMGENESEO88: lets go
(15:07 / Allies) gregsimoneau: gotta hi tfast and now
(16:19 / All) MussoIini: why would you cancel those towers?
(16:20 / All) MussoIini: so bad
(17:41 / Allies) GMGENESEO88: well im pretty much dead
(19:58 / All) KillyBoi: why do I give instruction to yellow
(20:04 / All) KillyBoi: TP OUT means stand there like a retard
(20:14 / All) KillyBoi: when one bolt kills your hero and then your whole army will die
(20:17 / All) KillyBoi: faggot fuck
(20:31 / All) MussoIini: lawl I forgot tp
(22:19 / Allies) gregsimoneau: get OPUT
(22:35 / All) MussoIini: nice tps to my island lol
(22:59 / Allies) gregsimoneau: gold for hero plz
(23:09 / Allies) gregsimoneau: tyt
(23:47 / Allies) gregsimoneau: 200
(24:54 / All) MussoIini: wasn't even paying attention to my mk
(24:57 / Allies) gregsimoneau: 30
(24:58 / Allies) gregsimoneau: g
(26:09 / All) MussoIini: thanks for revealing the bats, now I can make tanks
(26:55 / All) MussoIini: use your bats so I can make more tanks
(27:13 / Allies) gregsimoneau: mass tanlks is win
(27:15 / Allies) gregsimoneau: maybe
(27:33 / Allies) MussoIini: control green
(27:35 / Allies) MussoIini: please
(28:50 / All) KillyBoi: you're lucky yellow blended in so well at my base
(29:34 / Allies) gregsimoneau: gold plz for items
(29:49 / Allies) gregsimoneau: ty
(30:18 / Allies) gregsimoneau: gold plz
(30:50 / Allies) gregsimoneau: gold for orb plz
(32:30 / All) raah: good thing orange bsed all my mortars
(32:31 / Allies) gregsimoneau: come
(33:00 / All) raah: now he can fight massive tanks and lose like the little bitch he is
(33:02 / All) raah: hehe
(33:17 / All) raah: making towers and attacking his team all game
(33:42 / All) KillyBoi: Alright motherfucker you wanna play hardball|?
(33:45 / All) raah: i wish i had made tanks and taken him out before blue
(34:30 / All) raah: now hes teching on the plateaus and whining like hes being bent over the bench and being raped
(35:12 / All) raah: only because red is fighting without you
(35:22 / All) raah: your too much of a pussy to help him out
(35:24 / All) raah: hehe
(35:37 / Allies) gregsimoneau: fuck u man
(35:40 / Allies) gregsimoneau: i wuz stuck
(35:43 / All) MussoIini: GJ getting trapped again
(35:44 / Allies) gregsimoneau: now i cant rebuy
(35:47 / All) raah: soon itll be just you and your own ass to fuck
(35:52 / All) raah: instead of your team
(36:00 / All) KillyBoi: Stop with the insults that aren't your strong point
(36:02 / All) raah: red
(36:08 / All) raah: do you see orange?
(36:12 / All) raah: look at him
(36:18 / All) raah: like a little bitch
(36:27 / All) MussoIini: He is the best player on your team
(36:31 / All) raah: making towers on his new expo
(36:34 / All) raah: while you die
(37:03 / All) raah: sitting on the northwest corner with his faggot backstabbing birds
(37:20 / Allies) gregsimoneau: ff bats
(38:02 / All) gregsimoneau: u will lose
(38:05 / All) MussoIini: Oh?
(38:11 / Allies) gregsimoneau: no them
(38:24 / Allies) gregsimoneau: they cant beat u 4v4
(38:29 / Allies) gregsimoneau: 4v1 i mean
(38:55 / All) gregsimoneau: cuz blue fucking owns
(38:59 / All) MussoIini: I wish I had more APM
(39:01 / All) gregsimoneau: hes got like 5 bases
(39:05 / All) MussoIini: don't have nearlt enough multitasking
(39:08 / All) gregsimoneau: 5k gold wood
(40:18 / All) gregsimoneau: those batties wont help
(40:23 / All) gregsimoneau: get 10 million
(40:29 / All) gregsimoneau: and blue still wins
(40:38 / Allies) gregsimoneau: oj is going tauren
(41:29 / Allies) gregsimoneau: oj is making tauren
(41:59 / Allies) gregsimoneau: careful
(43:59 / Allies) gregsimoneau: his shit is almost up'
(44:58 / All) KillyBoi: Got to admire Teal's stubbornness
(45:14 / 5) raah: gj mussolini
(45:15 / All) KillyBoi: bats are his unit, raiders won't do, well they would do but not for him no sirree bob
(45:24 / 5) raah: orange is a douch
(45:25 / All) gregsimoneau: lol
(45:33 / 5) raah: just keep wiping thier shit out
(45:44 / 5) raah: orange bs
(45:51 / Allies) gregsimoneau: send takns tehre
(45:51 / 4) MussoIini: you had a bser? oh that sucks
(45:52 / 5) raah: let him die
(45:59 / 4) MussoIini: I can take him head on if I want to
(46:11 / 5) raah: i had massive morts and mass tp
(46:20 / 4) MussoIini: you should report him
(46:22 / Allies) gregsimoneau: tanks drop that
(46:24 / 5) raah: and he wiped out my bases and killed everything
(46:31 / 4) MussoIini: what a dick
(46:35 / 5) raah: now hes expoing around the map
(46:55 / 5) raah: try and take him out before he gets ground i gues
(47:03 / 4) MussoIini: I'm mass expoing too so I should be fine
(47:20 / All) BMking: no i saw ur tp coming in
(47:21 / 4) MussoIini: has he done nothing but collect gold? he must be a noob
(47:34 / All) KillyBoi: he's whining yet had 4.7k gold and 7k lumber
(47:41 / Allies) gregsimoneau: make a HALL
(47:58 / All) KillyBoi: why he didn't grab a tiny orc hall and build elsewhere? Oh yeah, he's terrible
(48:43 / All) MussoIini: FINALLY
(48:44 / All) MussoIini: PEACE!
(48:50 / All) MussoIini: PEACE FROM THE BM
(48:53 / All) BMking: well u get no exp
(49:00 / All) MussoIini: I AM LEVEL 10 I DO NOT CARE
(49:05 / All) KillyBoi: whatever it takes to console yourself
(49:27 / Allies) gregsimoneau: kill tht
(49:33 / Allies) MussoIini: gonna go straight to his base instead
(50:01 / All) MussoIini: did you really tavern a level 10 bm?
(50:20 / All) KillyBoi: ohhhhhhhh
(50:37 / Allies) gregsimoneau: save it
(50:44 / All) BMking: g;
(51:01 / All) MussoIini: BUY THAT AGAIN FAGGOT
(51:10 / All) KillyBoi: he has the funds
(51:30 / All) MussoIini: THAT FUCKING BM AGAIN
(52:17 / All) KillyBoi: ah
(52:19 / Allies) gregsimoneau: u can do this man
(52:20 / All) KillyBoi: they killed myt burrow
(53:18 / Allies) gregsimoneau: KILLL
(53:34 / 5) raah: orange is coming on the bottom
(53:53 / All) KillyBoi: Fool of a took
(53:55 / All) MussoIini: KILL FUCKINF BM
(53:56 / 5) raah: watchout blue
(53:58 / All) MussoIini: TURNCOAT
(54:16 / All) MussoIini: FUCK THIS
(54:22 / Allies) gregsimoneau: let me control units
(54:46 / Allies) gregsimoneau: share control pl
(54:58 / Allies) gregsimoneau: i wont tought hero